 Dungeon Crawl Stone Soup version 0.26.1-2-gb8aa6d0cf2 (webtiles) character file.

Game seed: 3730146857923172518

389 Marvel the Insei (level 6, 0/39 HPs)
             Began as an Octopode Transmuter on Feb 13, 2021.
             Slain by a jackal (3 damage)
             ... on level 7 of the Dungeon.
             The game lasted 00:09:13 (4292 turns).

Marvel the Insei (Octopode Transmuter)              Turns: 4292, Time: 00:09:13

Health: 0/39       AC:  1    Str: 11    XL:     6   Next: 79%
Magic:  10/10      EV: 17    Int: 15    God:
Gold:   188        SH:  5    Dex: 13    Spells: 7/11 levels left

rFire    . . .     SeeInvis .     - Unarmed
rCold    . . .     Faith    .   a - +2 buckler
rNeg     . . .     Spirit   .   (helmet restricted)
rPois    .         Reflect  .   i - amulet of the acrobat
rElec    .         Harm     .   g - +4 ring of evasion
rCorr    .         Rampage  .   (no ring)
Will     .....                  (no ring)
Stlth    +++.......             (no ring)
HPRegen  0.13/turn              (no ring)
MPRegen  0.12/turn              (no ring)
                                (no ring)
                                (no ring)

@: no status effects
A: almost no armour, stealthy swim, amphibious, 8 rings, constrict 8, camouflage
1, gelatinous body 1
a: no special abilities


You were on level 7 of the Dungeon.
You visited 1 branch of the dungeon, and saw 5 of its levels.

You collected 188 gold pieces.

Inventory:

Missiles
 j - 2 poisoned darts
Armour
 a - a +2 buckler (worn)
Jewellery
 g - a +4 ring of evasion (left tentacle)
 i - an amulet of the acrobat (around mantle)
 o - an uncursed ring of see invisible {unknown}
Wands
 s - a wand of iceblast (7)
Scrolls
 c - 9 scrolls of identify {unknown}
 d - a scroll of fog
 e - a scroll of remove curse
 h - a scroll of magic mapping {unknown}
 m - 2 scrolls of teleportation {unknown}
 n - a scroll of enchant weapon {unknown}
Potions
 b - 2 potions of haste
 f - a potion of ambrosia
 k - 3 potions of lignification {unknown}
 l - a potion of mutation {unknown}
 p - 3 potions of curing {unknown}
 q - a potion of might
 r - a potion of invisibility


   Skills:
 - Level 2.0 Fighting
 - Level 3.0 Dodging
 - Level 3.4 Stealth
 - Level 5.0 Unarmed Combat
 - Level 3.0 Spellcasting
 + Level 3.3 Transmutations


You had 7 spell levels left.
You knew the following spells:

 Your Spells              Type           Power        Failure   Level
a - Beastly Appendage     Tmut           24%          9%          1
b - Spider Form           Tmut/Pois      3%           45%         3

Your spell library contained the following spells:

 Spells                   Type           Power        Failure   Level
 Wereblood                Tmut           12%          13%         2
 Ice Form                 Ice/Tmut       7%           86%         4
 Blade Hands              Tmut           6%           94%         5


Dungeon Overview and Level Annotations

Branches:
Dungeon (4/15)
 Temple: D:4-7

Altars:
Ashenzari

Annotations:
D:1 Terence


Innate Abilities, Weirdness & Mutations

You cannot wear most types of armour.
You are very stealthy in the water. (Stealth+)
You are amphibious.
You can wear up to eight rings at the same time.
You can use your tentacles to constrict eight enemies at once.
Your skin changes colour to match your surroundings (Stealth+).
Your rubbery body absorbs attacks. (AC +1, EV +1)


Message History

The black bear claws you.
* * * LOW HITPOINT WARNING * * *
Okay, then.
You release your grip on the black bear.
The worker ant zombie bites you.
* * * LOW HITPOINT WARNING * * *
The jackal completely misses you.
You see here an arrow.
As you read the scroll labelled BIGADW ROHIOD, it crumbles to dust.
The scroll dissolves into smoke.
It was a scroll of fog.
The jackal misses you.
The worker ant zombie completely misses you.
The black bear closely misses you. The black bear misses you.
The black bear closely misses you.
As you read the scroll labelled COYMUVIBLO, it crumbles to dust.
You feel blessed for a moment.
It was a scroll of remove curse.
The jackal completely misses you.
You block the worker ant zombie's attack.
The black bear misses you. The black bear closely misses you.
The black bear completely misses you. The jackal bites you.
You die...

...........##
...........#
#......=...#
#...?.....[#
#....Z.....#
#..........#
#.§§Z§...#
..#####§Zhh..#
......)§h@§###
.##.........#
....##.....##
.## #.#...#
#.#...#
>.#...#
#.##...# ..
#...# .# ###
## ##.##


You could see a black bear, a worker ant zombie, a killer bee zombie and 2
jackals.

Vanquished Creatures
  A centaur (D:7)
  A scorpion (D:2)
  2 hounds (D:4)
  A worker ant (D:4)
  Robin (D:2)
  8 adders
  2 worms
  2 dart slugs
  6 orcs
  A ball python (D:2)
  2 giant cockroaches (D:1)
  16 goblins
  13 hobgoblins
  4 jackals (D:4)
  7 bats
  5 frilled lizards
  6 kobolds
  9 rats
87 creatures vanquished.

Notes
Turn   | Place    | Note
-------+----------+-------------------------------------------
     0 | D:1      | Marvel the Octopode Transmuter began the quest for the Orb.
     0 | D:1      | Reached XP level 1. HP: 13/13 MP: 3/3
   379 | D:1      | Reached XP level 2. HP: 15/18 MP: 5/5
  1143 | D:2      | Reached XP level 3. HP: 18/23 MP: 6/6
  1310 | D:2      | Learned a level 3 spell: Spider Form
  1579 | D:2      | Noticed Robin
  1608 | D:2      | Noticed Terence
  1920 | D:2      | Reached skill level 1 in Stealth
  1977 | D:2      | Reached XP level 4. HP: 28/28 MP: 7/7
  2030 | D:2      | Reached skill level 4 in Unarmed Combat
  2333 | D:2      | Killed Robin
  2334 | D:2      | Reached XP level 5. HP: 33/33 MP: 8/8
  2880 | D:3      | Found a broken altar of Ashenzari.
  3780 | D:4      | Reached XP level 6. HP: 30/39 MP: 9/9
  4229 | D:4      | You fall into a shaft and drop 3 floors!
  4279 | D:7      | Noticed a black bear
  4287 | D:7      | Reached skill level 5 in Unarmed Combat
  4292 | D:7      | Slain by a jackal

Illustrated notes

Levels and vault maps discovered:
D:1:      wheals_arrival_shading, layout_loops_ring
D:2:      minmay_spotlight, layout_loops_ring, minivault_27,
          chequers_decorated_corner, uniq_robin, uniq_terence
D:3:      layout_loops_ring, nicolae_overflow_crystal_walls,
          guppyfry_early_orc_mine
D:4:      layout_loops_ring
D:7:      layout_rooms, fedhas_altar_2

Skill      XL: |  1  2  3  4  5  6 |
---------------+-------------------+-----
Stealth        | 2 3 |  3.4
Unarmed Combat | 4 5 |  5.0
Dodging        | 3 |  3.0
Fighting       | 2 |  2.0
Spellcasting   | 3 |  3.0
Transmutations | 3 |  3.3

Action                   |  1- 3 |  4- 6 || total
-------------------------+-------+-------++-------
Melee: Unarmed           |    85 |   154 ||   239
       Constrict         |    28 |    37 ||    65
       Tentacles         |    17 |    21 ||    38
       Punch             |       |     7 ||     7
 Cast: Beastly Appendage |     1 |       ||     1
  Use: Potion            |       |     4 ||     4
       Scroll            |       |     2 ||     2
 Stab: Sleeping          |     8 |    10 ||    18
       Distracted        |       |     1 ||     1
Armor: Skin              |     7 |     2 ||     9
Dodge: Dodged            |    62 |   106 ||   168
Block: Buckler           |       |    35 ||    35
